Map: Crimson Court LE

Players

LiquidClem (Clem) - Winner!

  • Race: Terran Terran
  • League: Grandmaster
  • Spawn Location: 1:00

Fjant

  • Race: Zerg Zerg
  • League: Grandmaster
  • Spawn Location: 7:00

Event: HomeStory Cup XXV

VOD

Have the link to the VOD?

Description

Time

  • Played on: June 21, 2024, 7:59 a.m.
  • Length: 4:55

All games in this series

Show
View Real Time Build Order
Export as new Build Order

LiquidClem Terran - Winner!

Build Orders: Cyclone Opening, Reaper Expand 

Get SALT Encoding   

  12  0:00  SCV  
  13  0:12  SCV  
  14  0:16  Supply Depot  
  14  0:24  SCV  
  15  0:38  SCV  
  15  0:40  Barracks  
  16  0:43  Refinery  
  16  0:50  SCV  
  17  1:02  SCV  
  18  1:14  SCV  
  19  1:27  Orbital Command, Reaper  
  20  1:38  Command Center  
  20  1:46  Supply Depot  
  20  1:52  SCV  
  21  1:59  Marine  
  22  2:02  Bunker  
  22  2:10  Factory  
  22  2:13  SCV  
  23  2:18  Marine  
  24  2:25  SCV  
  24  2:29  Bunker  
  25  2:38  SCV, Marine  
  25  2:43  Barracks  
  27  2:50  SCV  
  28  2:54  Cyclone  
  28  2:56  Marine  
  31  3:01  Orbital Command  
  31  3:04  SCV  
  31  3:10  Barracks  
  31  3:14  Marine  
  31  3:16  SCV  
  33  3:25  Bunker  
  33  3:26  SCV  
  34  3:28  Cyclone  
  34  3:31  Marine  
  34  3:33  SCV  
  37  3:39  Marine  
  37  3:42  SCV  
  37  3:45  SCV  
  38  3:49  Supply Depot  
  38  3:53  Barracks Tech Lab  
  38  3:54  SCV  
  39  3:57  SCV, Bunker  
  39  3:58  Marine  
  41  4:03  Marine  
  41  4:06  SCV  
  38  4:20  SCV  
  38  4:21  Marine  
  38  4:22  Marine  
  39  4:25  SCV  
  39  4:31  Supply Depot  
  42  4:33  SCV, Marine  
  42  4:37  SCV  
Show
View Real Time Build Order
Export as new Build Order

Fjant Zerg 

Build Orders: Pool First, Ravager All-In 

Get SALT Encoding   

  12  0:00  Drone  
  13  0:12  Overlord  
  13  0:18  Drone  
  14  0:30  Drone x2  
  14  0:34  Drone  
  17  0:39  Extractor  
  16  0:45  Spawning Pool  
  15  0:52  Drone  
  17  0:57  Drone  
  17  1:17  Drone  
  18  1:32  Queen, Zergling x4  
  20  1:35  Roach Warren  
  21  1:55  Hatchery  
  20  2:03  Overlord  
  20  2:19  Roach  
  21  2:23  Roach  
  21  2:24  Roach  
  24  2:39  Roach  
  24  2:41  Overlord  
  26  2:45  Ravager x2  
  26  2:50  Overlord  
  28  3:05  Ravager  
  29  3:14  Roach  
  29  3:15  Queen  
  33  3:20  Zergling x2  
  33  3:21  Zergling x4  
  36  3:31  Roach  
  35  3:51  Ravager  
  35  3:52  Zergling x10  
  41  4:01  Zergling x4  
  43  4:03  Zergling x2  
  38  4:20  Ravager  
  38  4:22  Zergling x6  
  42  4:30  Zergling x8  
  41  4:35  Zergling x2  
Tags
 
Add a new tag
Caveats
  • Supply blocks, unpowered buildings, or Contaminate may cause inaccurate times.
  • Supply counts are checked every 10 seconds.